 Dungeon Crawl Stone Soup version 0.28-a0-1002-gf00fe891ef (webtiles) character file.

Game seed: 15941535058550055182

30 r3xj the Cudgeller (level 3, -3/31 HPs)
             Began as a Minotaur Berserker on Dec 6, 2021.
             Was a Follower of Trog.
             Killed from afar by Sigmund (5 damage)
             ... with a magic dart
             ... on level 2 of the Dungeon.
             The game lasted 00:01:28 (1448 turns).

r3xj the Cudgeller (Minotaur Berserker)             Turns: 1448, Time: 00:01:29

Health: -3/31      AC:  2    Str: 21    XL:     3   Next: 3%
Magic:  2/2        EV: 12    Int:  4    God:    Trog [*.....]
Gold:   14         SH:  0    Dex: 11    Spells: 2/2 levels left

rFire   . . .      SeeInvis .   a - +0 mace
rCold   . . .      Faith    .   (no shield)
rNeg    . . .      Spirit   .   b - +0 animal skin
rPois   .          Reflect  .   (helmet restricted)
rElec   .          Harm     .   (no cloak)
rCorr   .          Rampage  .   (no gloves)
Will    .....                   (no boots)
Stlth   +.........              (no amulet)
HPRegen 0.10/turn               (no ring)
MPRegen 0.08/turn               (no ring)

@: confused
A: horns 2, retaliatory headbutt
a: Renounce Religion, Berserk


You were on level 2 of the Dungeon.
You worshipped Trog.
Trog was aware of your devotion.
You visited 1 branch of the dungeon, and saw 2 of its levels.

You collected 14 gold pieces.

Inventory:

Hand Weapons
 a - a +0 mace (weapon)
Missiles
 d - a throwing net (quivered)
 i - 11 stones
Armour
 b - a +0 animal skin (worn)
Scrolls
 c - a scroll of blinking {unknown}
 f - a scroll of identify {unknown}
 g - a scroll of enchant armour {unknown}
Potions
 e - a potion of curing {unknown}
 h - a potion of mutation {unknown}


   Skills:
 - Level 3.6 Fighting
 + Level 5.1 Maces & Flails
 - Level 2.4 Armour
 - Level 2.1 Dodging


You had 2 spell levels left.
You didn't know any spells.
Your spell library was empty.

Dungeon Overview and Level Annotations

Branches:
Dungeon (2/15)

Altars:

Annotations:
D:2 Sigmund


Innate Abilities, Weirdness & Mutations

You have a pair of horns on your head.
You reflexively headbutt those who attack you in melee.


Message History

Sigmund gestures at you while chanting.
You are more confused.
Sigmund gestures at you while chanting.
You are more confused.
Sigmund mumbles some strange words.
Sigmund flickers and vanishes!
Deactivating autopickup; reactivate with Ctrl-A.
The ball python closely misses you. The ball python misses you.
You're too confused to move!
The ball python closely misses you. The ball python grabs you.
The ball python constricts you.
You bump into the rock wall.
The ball python barely misses you. The ball python constricts you.
You escape the ball python's grasp.
You bump into the rock wall.
The ball python barely misses you. The ball python misses you.
Something barely misses you. The ball python barely misses you.
The ball python closely misses you.
You're too confused to move!
The ball python closely misses you. The ball python grabs you.
The ball python constricts you. Something hits you!
* * * LOW HITPOINT WARNING * * *
You escape the ball python's grasp.
The ball python bites you but does no damage.
The ball python misses you.
You bump into the rock wall.
The ball python closely misses you. The ball python grabs you.
The ball python constricts you.
* * * LOW HITPOINT WARNING * * *
You hear some strange, mumbled words.
A puff of flame appears from out of thin air!
The puff of flame hits you.
* * * LOW HITPOINT WARNING * * *
You hit the ball python. Your headbutt misses the ball python.
The ball python is moderately wounded.
The ball python misses you. The ball python constricts you.
* * * LOW HITPOINT WARNING * * *
Something hits you but does no damage.
You hit the ball python.
You kill the ball python!
Trog accepts your kill.
A magic dart appears from out of thin air!
The magic dart hits you.
You die...

##...##..............
#...##............
#.................
#.........#'##....
#..............###
#...............
#†..###..........
#...# #..........
#..@# #..........
#.†.# #..{# .....
#...# ..... #...#
...... #...# ......
#...###......
#............
#.........##


There were no monsters in sight!

Vanquished Creatures
  An adder (D:2)
  2 endoplasms
  3 hobgoblins (D:1)
  2 kobolds
  A quokka (D:1)
  4 ball pythons
  3 bats
  A frilled lizard (D:1)
  5 rats (D:1)
22 creatures vanquished.

Notes
Turn   | Place    | Note
-------+----------+-------------------------------------------
     0 | D:1      | r3xj the Minotaur Berserker began the quest for the Orb.
     0 | D:1      | Reached XP level 1. HP: 19/19 MP: 0/0
    87 | D:1      | Reached skill level 4 in Maces & Flails
   310 | D:1      | Reached XP level 2. HP: 20/26 MP: 1/1
   471 | D:1      | Found a faded altar of an unknown god.
  1157 | D:2      | Reached skill level 5 in Maces & Flails
  1157 | D:2      | Reached XP level 3. HP: 14/31 MP: 2/2
  1423 | D:2      | Noticed Sigmund
  1448 | D:2      | Killed from afar by Sigmund

Illustrated notes

Levels and vault maps discovered:
D:1:      evilmike_arrival_plus, layout_loops_ring, shapermc_ecumenical_altar_gd
D:2:      layout_basic, uniq_crazy_yiuf_cottage, uniq_sigmund

Skill      XL: |  1  2 |
---------------+-------+-----
Maces & Flails | 4 5 |  5.1
Fighting       | |  3.6
Armour         | |  2.4
Dodging        | |  2.1

Action                   || total
-------------------------++-------
Melee: Mace              ||    47
       Headbutt          ||     3
Armor: Animal skin       ||    15
Dodge: Dodged            ||    62

Table legend: (Time is in decaauts)
 A = Elapsed time spent in this place.
 B = Non-inter-level travel time spent in this place.
 C = Inter-level travel time spent in this place.
 D = Time resting spent in this place.
 E = Time spent auto-exploring this place.
 F = Levels seen in this place.
 G = Mean time per level.
                   A        B        C        D        E       F      G
               +--------+--------+--------+--------+--------+-----+--------+
         Total |   1455 |   1410 |     45 |    350 |    903 |   2 |  727.5 |
       Dungeon |   1455 |   1410 |     45 |    350 |    903 |   2 |  727.5 |
               +--------+--------+--------+--------+--------+-----+--------+

Top non-repeatable levels by time:
     D:1: 1000 daAuts
     D:2: 455 daAuts
